 Dungeon Crawl Stone Soup version 0.25-a0-292-gaa31f046c4 (webtiles) character file.

Game seed: 11694507826546918517, levelgen mode: classic

77 Borgoz the Cutter (level 4, -3/28 HPs)
             Began as a Gargoyle Gladiator on Dec 16, 2019.
             Killed by divine providence
             ... invoked by an orc priest
              (14 damage)
             ... on level 3 of the Dungeon.
             The game lasted 00:02:25 (1859 turns).

Borgoz the Cutter (Gargoyle Gladiator)              Turns: 1859, Time: 00:02:25

Health: -3/28      AC: 14    Str: 18    XL:     4   Next: 33%
Magic:  4/4        EV: 11    Int: 12    God:
Gold:   57         SH:  0    Dex: 11    Spells: 3/3 levels left

rFire    . . .     SeeInvis .   a - +0 rapier
rCold    . . .     Gourm    .   (no shield)
rNeg     + . .     Faith    .   r - +0 ring mail
rPois    ∞         Spirit   .   l - +2 helmet {Int+3}
rElec    +         Reflect  .   (no cloak)
rCorr    .         Harm     .   k - +0 pair of gloves
MR       .....                  b - +0 pair of boots
Stlth    +.........             (no amulet)
HPRegen  0.09/turn              (no ring)
MPRegen  0.09/turn              (no ring)

@: no status effects
A: negative energy resistance 1, electricity resistance, unbreathing,
petrification resistance, rot immunity, AC +3
a: no special abilities


You were on level 3 of the Dungeon.
You were very hungry.

You visited 1 branch of the dungeon, and saw 3 of its levels.

You collected 57 gold pieces.

Inventory:

Hand Weapons
 a - a +0 rapier (weapon)
Missiles
 d - 2 throwing nets (quivered)
Armour
 b - a +0 pair of boots (worn)
 k - a +0 pair of gloves (worn)
 l - a +2 helmet of intelligence (worn)
 r - a +0 ring mail (worn)
Scrolls
 c - 2 scrolls of remove curse
 h - a scroll of teleportation {unknown}
 i - 2 scrolls of fog {unknown}
 n - 2 scrolls of enchant armour {unknown}
 p - a scroll of identify {unknown}
 q - a scroll of blinking {unknown}
Potions
 e - a potion of lignification {unknown}
 g - a potion of might {unknown}
 j - a potion of degeneration {unknown}
 o - a potion of brilliance {unknown}
Comestibles
 f - 3 rations


   Skills:
 + Level 3.3 Fighting
 + Level 3.4 Short Blades
 - Level 1.7 Throwing
 + Level 2.2 Armour
 - Level 2.4 Dodging


You had 3 spell levels left.
You didn't know any spells.
Your spell library was empty.

Dungeon Overview and Level Annotations

Branches:
Dungeon (3/15)

Altars:
Ashenzari
Makhleb
Ru
Trog
Uskayaw
Vehumet


Innate Abilities, Weirdness & Mutations

You are resistant to torment.
Your stone body is resilient. (AC +3)
You are immune to poison.
You resist negative energy. (rN+)
You are resistant to electric shocks. (rElec)
You can survive without breathing.
You are immune to petrification.
You are immune to rotting.


Message History

The orc priest is severely wounded.
The bat closely misses you. The orc misses you.
The orc priest hits you but does no damage.
You hit the orc priest but do no damage.
The orc priest is severely wounded.
The bat barely misses you. The orc misses you.
The orc priest calls down the wrath of Beogh upon you.
Beogh smites you!
Ouch! That really hurt!
You are too injured to fight recklessly!
You are too injured to fight recklessly!
You are too injured to fight recklessly!
You are too injured to fight recklessly!
You hit the orc priest but do no damage.
The orc priest is severely wounded.
The orc hits you but does no damage.
The orc priest mumbles some strange prayers to Beogh against you.
Beogh smites you!
Ouch! That really hurt!
You die...

....# #....#..
#....#.. +......
#....##. +.......
########...#.# ###
#.....)b.# .#...
#.....@#.###.#.#
#####.oo.......#
........#.###[..#...
.%......#....)......
........###.)....##.
........# #......#
......... ...?...#
..####....#.#......
.. #....###....#.#


You could see an orc priest, an orc and a bat.

Vanquished Creatures
  3 gnolls (D:3)
  An adder (D:2)
  A dart slug (D:2)
  A leopard gecko (D:1)
  3 orcs (D:3)
  A goblin (D:2)
  4 hobgoblins
  A quokka (D:2)
  5 bats
  4 frilled lizards
  7 kobolds
  4 rats
  A toadstool (D:1)
36 creatures vanquished.

Vanquished Creatures (others)
  3 toadstools (D:1)
3 creatures vanquished.

Grand Total: 39 creatures vanquished

Notes
Turn   | Place    | Note
-------+----------+-------------------------------------------
     0 | D:1      | Borgoz the Gargoyle Gladiator began the quest for the Orb.
     0 | D:1      | Reached XP level 1. HP: 12/12 MP: 1/1
   428 | D:1      | Reached XP level 2. HP: 16/18 MP: 2/2
   465 | D:1      | Reached skill level 1 in Armour
   874 | D:2      | Found a shattered altar of Ashenzari.
   874 | D:2      | Found a sacrificial altar of Ru.
   907 | D:2      | Reached XP level 3. HP: 21/22 MP: 3/3
  1233 | D:2      | Found a radiant altar of Vehumet.
  1242 | D:2      | Found a burning altar of Makhleb.
  1251 | D:2      | Found a bloodstained altar of Trog.
  1348 | D:2      | Noticed a cacodemon
  1360 | D:2      | Found a hide-covered altar of Uskayaw.
  1511 | D:3      | Reached XP level 4. HP: 18/28 MP: 4/4
  1859 | D:3      | Killed from afar by an orc priest

Levels and vault maps discovered:
D:1:      ldierk_water_garden, layout_basic, hangedman_glass_teeth,
          minmay_misc_feat_tiny
D:2:      layout_loops_ring, makhleb_altar_promises_db, bloody_trog,
          grunt_temple_overflow_open, amethyst_overflow_temple_binary
D:3:      layout_basic, serial_glass, glass_columns_a, glass_columns_a

Skill      XL: |  1  2  3 |
---------------+----------+-----
Armour         | 1 2 |  2.2
Short Blades   | 3 |  3.4
Fighting       | 3 |  3.3
Throwing       | |  1.7
Dodging        | |  2.4

Action                   |  1- 3 |  4- 6 || total
-------------------------+-------+-------++-------
Melee: Rapier            |   102 |    51 ||   153
Throw: Throwing net      |       |     1 ||     1
  Use: Scroll            |     1 |       ||     1
  Eat: Chunk             |     2 |       ||     2
Armor: Leather armour    |    28 |       ||    28
       Ring mail         |    26 |    65 ||    91
Dodge: Dodged            |    82 |    66 ||   148

Table legend:
 A = Non-vault XP
 B = Vault XP
 C = Vault XP percentage of total XP
 D = Non-vault monster count
 E = Vault monster count
 F = Vault count percentage of total count
                 A         B        C        D         E       F
            +---------+---------+-------+---------+---------+-------
      Total |     110 |       0 |   0.0 |      35 |       0 |   0.0
            +---------+---------+-------+---------+---------+-------
        D:1 |      18 |       0 |   0.0 |      12 |       0 |   0.0
        D:2 |      39 |       0 |   0.0 |      16 |       0 |   0.0
        D:3 |      53 |       0 |   0.0 |       7 |       0 |   0.0
            +---------+---------+-------+---------+---------+-------
